 Dungeon Crawl Stone Soup version 0.23.2-40-g277498a001 (webtiles) character file.

Game seed: 11053378527002686793

37 Amplified the Magician (level 3, -2/27 HPs)
             Began as a Demonspawn Wizard on Sept 5, 2019.
             Slain by a big kobold
             ... wielding a +0 whip
              (9 damage)
             ... in a sewer.
             The game lasted 00:04:04 (1801 turns).

Amplified the Magician (Demonspawn Wizard)          Turns: 1801, Time: 00:04:04

Health: -2/27      AC:  3    Str:  6 (8)  XL:     3   Next: 23%
Magic:  6/7        EV: 12    Int: 16 (17) God:
Gold:   66         SH:  0    Dex: 11      Spells: 7/8 levels left

rFire    + . .     SeeInvis .   e - +1 hand axe (curse)
rCold    . . .     Gourm    .   (no shield)
rNeg     . . .     Faith    .   a - +0 robe
rPois    .         Spirit   .   b - +0 hat
rElec    .         Reflect  .   (no cloak)
rCorr    .         Harm     .   (no gloves)
MR       .....                  k - +0 pair of boots
Stlth    ++........             (no amulet)
HPRegen  0.09/turn              (no ring)
MPRegen  0.10/turn              (no ring)

@: no status effects
A: hooves 1, horns 1, deterioration 1, dopey 1, fire resistance 1, subdued magic
1
a: no special abilities


You were in a sewer.
You were not hungry.

You visited 1 branch of the dungeon, and saw 3 of its levels.
You also visited: Sewer.

You collected 66 gold pieces.

Inventory:

Hand Weapons
 e - a cursed +1 hand axe (weapon)
Armour
 a - a +0 robe (worn)
 b - a +0 hat (worn)
 k - a +0 pair of boots (worn)
Scrolls
 j - a scroll of remove curse
Potions
 g - a potion of cancellation
 i - a potion of resistance
Comestibles
 c - 2 chunks of flesh
 d - 3 rations


   Skills:
 * Level 2.3 Fighting
 * Level 1.3 Axes
 - Level 1.7 Dodging
 - Level 1.7 Stealth
 - Level 3.0 Spellcasting
 - Level 1.0 Conjurations
   Level 1.0 Summonings
   Level 0.8 Translocations


You had 7 spell levels left.
You knew the following spells:

 Your Spells              Type           Power        Failure   Level  Hunger
a - Magic Dart            Conj           #...         10%         1    #......

Your spell library contained the following spells:

 Spells                   Type           Power        Failure   Level  Hunger
 Call Imp                 Summ           #.......     16%         2    ##.....
 Blink                    Tloc           N/A          17%         2    ##.....
 Slow                     Hex            #.......     24%         2    ##.....
 Conjure Flame            Conj/Fire      #.......     36%         3    ###....
 Mephitic Cloud           Conj/Pois/Air  #.......     38%         3    ###....


Dungeon Overview and Level Annotations

Branches:
Dungeon (3/15)

Altars:
Dithmenos
Gozag
Hepliaklqana
Qazlal
Trog
Xom
Yredelemnul
The Shining One


Innate Abilities, Weirdness & Mutations

You have large cloven feet.
Your flesh is heat resistant. (rF+)
You have a pair of small horns on your head.
Your body sometimes deteriorates upon taking damage.
You are dopey. (Int -2)
Your spells are a little easier to cast, but a little less powerful.


Message History

You aren't carrying any pieces of jewellery.
Unknown command.
Casting: Magic Dart (safe; 10% risk of failure)
Confirm with . or Enter, or press ? or * to list all spells.
Okay, then.
You barely miss the big kobold.
The big kobold is moderately wounded.
The big kobold splashes around in the water.
You hit the big kobold.
The big kobold is heavily wounded.
The big kobold hits you but does no damage.
You closely miss the big kobold.
The big kobold is heavily wounded.
The big kobold barely misses you. The big kobold hits you with a +0 whip.
* * * LOW HITPOINT WARNING * * *
Unknown command.
You miss the big kobold.
The big kobold is heavily wounded.
The big kobold hits you with a +0 whip!
You die...

### ###≈≈≈
#####≈≈≈≈. ≈≈≈≈≈.
#######(@K≈≈# ≈.≈.≈
##.≈....≈###.≈≈≈.
≈..≈# #.≈.≈≈≈≈≈#
###
≈...####.≈≈..≈≈≈#
≈..≈≈##.≈.≈####.≈≈.
.≈.≈.≈...≈## #####
.≈.....≈≈##
∩..≈....≈#
....≈≈≈≈≈#


You could see a big kobold.

Vanquished Creatures
  An ooze (Sewer)
  2 worms (D:3)
  A ball python (D:1)
  4 bats
  2 giant cockroaches
  4 goblins
  4 hobgoblins
  A kobold (D:1)
  A quokka (D:3)
  2 frilled lizards (D:1)
  3 rats (D:1)
25 creatures vanquished.

Notes
Turn   | Place    | Note
-------+----------+-------------------------------------------
     0 | D:1      | Amplified the Demonspawn Wizard began the quest for the
                  | Orb.
     0 | D:1      | Reached XP level 1. HP: 13/13 MP: 4/4
    77 | D:1      | Reached skill level 1 in Fighting
   609 | D:1      | Gained mutation: You have large cloven feet. [demonic
                  | ancestry]
   609 | D:1      | Reached XP level 2. HP: 20/21 MP: 3/6
  1151 | D:2      | Gained mutation: Your magical capacity is low. (-10% MP)
                  | [potion of mutation]
  1151 | D:2      | Gained mutation: Your body sometimes deteriorates upon
                  | taking damage. [potion of mutation]
  1151 | D:2      | Gained mutation: Your spells are a little easier to cast,
                  | but a little less powerful. [potion of mutation]
  1151 | D:2      | Gained mutation: Your flesh is heat resistant. (rF+)
                  | [potion of mutation]
  1519 | D:3      | Reached skill level 1 in Axes
  1634 | D:3      | Found a hazy altar of Hepliaklqana.
  1637 | D:3      | Found a stormy altar of Qazlal.
  1638 | D:3      | Found a shimmering altar of Xom.
  1638 | D:3      | Found a bloodstained altar of Trog.
  1639 | D:3      | Found an opulent altar of Gozag.
  1639 | D:3      | Found a glowing golden altar of the Shining One.
  1639 | D:3      | Found a shadowy altar of Dithmenos.
  1640 | D:3      | Found a basalt altar of Yredelemnul.
  1687 | D:3      | Found a glowing drain.
  1722 | D:3      | Mutation became permanent: Your flesh is heat resistant.
                  | (rF+) [demonic ancestry]
  1722 | D:3      | Gained mutation: Your flesh is heat resistant. (rF+)
                  | [demonic ancestry]
  1722 | D:3      | Reached XP level 3. HP: 9/27 MP: 1/6
  1755 | Sewer    | Entered a sewer
  1773 | Sewer    | Noticed a big kobold
  1795 | Sewer    | Lost mutation: Your magical capacity is low. (-10% MP)
                  | [potion of mutation]
  1795 | Sewer    | Gained mutation: You are dopey. (Int -2) [potion of
                  | mutation]
  1795 | Sewer    | Gained mutation: You have a pair of small horns on your
                  | head. [potion of mutation]
  1801 | Sewer    | Slain by a big kobold

Skill      XL: |  1  2 |
---------------+-------+-----
Fighting       | 1 2 |  2.3
Axes           | 1 |  1.3
Dodging        | |  1.7
Stealth        | |  1.7
Spellcasting   | |  3.0
Conjurations   | |  1.0
Summonings     | |  1.0
Translocations | |  0.8

Action                   || total
-------------------------++-------
Melee: Unarmed           ||    12
       Hand axe          ||   117
       Kick              ||     2
 Cast: Magic Dart        ||    38
  Use: Scroll            ||     5
       Potion            ||     6
 Stab: Sleeping          ||     2
  Eat: Chunk             ||     3
Armor: Robe              ||    33
       Skin              ||     7
Dodge: Dodged            ||    89
